AoeStats
← starfall

Arabia

508907976Analyzed
1v1 RM · 8d ago on Sep 24, 2026· 28m 37s· 2 players
Game mode
Random Map
Map size
Tiny (2 player)
Population
200
Speed
Normal
Resources
Standard
Victory
Conquest
Starting age
Dark Age
Ending age
Imperial Age
RankedLock teamsTeams togetherTeam positionsShared explorationLock speedFull tech treeHidden civsTurbo modeCheats
Victory
Defeat
🇨🇳 Franks · China
774
+27
🇦🇺 Poles · Australia
753
-36
GMPTRO
0:28 Loom
16:30 Feudal Age
22:39 Castle Age
starfall
7:32 Loom
10:31 Feudal Age
23:01 Castle Age
21:59 Forging
24:38 Iron Casting
Connection lost

Rejoining the realm…

Still unreachable

The connection could not be restored.

Session expired

The server has moved on; the page needs a fresh start.